 Dungeon Crawl Stone Soup version 0.21.1-1-g345015f (webtiles) character file.

10516 diana the Slicer (level 11, -15/71 HPs)
             Began as a Kobold Berserker on May 28, 2018.
             Was a High Priest of Trog.
             Shot with a bolt by a yaktaur (26 damage)
             ... on level 14 of the Dungeon.
             The game lasted 00:30:15 (10338 turns).

diana the Slicer (Kobold Berserker)                Turns: 10338, Time: 00:30:16

Health: -15/71     AC:  8    Str: 16    XL:     11   Next: 94%
Magic:  20/20      EV: 21    Int:  8    God:    Trog [*****.]
Gold:   603        SH:  0    Dex: 14    Spells: 10/10 levels left

rFire    + + .     SeeInvis .   K - +2 rapier of Benevolence {flame, rF+ Dex-3 Stlth+}
rCold    . . .     Gourm    .   (shield restricted)
rNeg     . . .     Faith    .   H - +1 leather armour {rF+}
rPois    .         Spirit   .   (no helmet)
rElec    .         Reflect  .   B - +1 cloak
rCorr    .         Harm     .   L - +0 pair of gloves
MR       .....                  M - +0 pair of boots
Stlth    +++++++...             (no amulet)
HPRegen  0.21/turn              a - ring of magical power
MPRegen  0.17/turn              s - ring of stealth

@: berserk cooldown, slowed, very slow
A: small, carnivore
a: Berserk, Trog's Hand, Brothers in Arms, Burn Spellbooks, Renounce Religion


You were on level 14 of the Dungeon.
You worshipped Trog.
Trog was extremely pleased with you.
You were not hungry.

You visited 1 branch of the dungeon, and saw 12 of its levels.

You collected 603 gold pieces.

Inventory:

Hand Weapons
 o - a +2 short sword of protection
 u - a +1 dagger of holy wrath
 K - the +2 rapier of Benevolence (weapon) {flame, rF+ Dex-3 Stlth+}
   (You found it on level 8 of the Dungeon)

   It has been specially enchanted to burn those struck by it, causing extra
   injury to most foes and up to half again as much damage against particularly
   susceptible opponents.
   It affects your dexterity (-3).
   It protects you from fire.
   It makes you more stealthy.
Missiles
 v - 4 throwing nets (quivered)
Armour
 r - a +1 robe of magic resistance
 B - a +1 cloak (worn)
 H - a +1 leather armour of fire resistance (worn)
 J - a +0 leather armour of poison resistance
 L - a +0 pair of gloves (worn)
 M - a +0 pair of boots (worn)
Jewellery
 a - a ring of magical power (left hand)
 f - an uncursed ring of protection from fire
 s - a ring of stealth (right hand)
 D - an uncursed ring of protection from fire
Wands
 y - a wand of clouds (2)
 I - a wand of iceblast (11)
 O - a wand of paralysis (18)
Scrolls
 b - 2 scrolls of noise {unknown}
 h - 6 scrolls of remove curse {unknown}
 l - 2 scrolls of fog {unknown}
 m - 3 scrolls of enchant weapon {unknown}
 n - 3 scrolls of enchant armour {unknown}
 t - 6 scrolls of teleportation {unknown}
 w - a scroll of blinking {unknown}
 x - 2 scrolls of fear {unknown}
 z - 5 scrolls of identify {unknown}
 E - a scroll of immolation {unknown}
 G - a scroll of brand weapon {unknown}
 N - a scroll of vulnerability {unknown}
Potions
 d - 2 potions of berserk rage {unknown}
 e - 6 potions of curing
 g - 4 potions of degeneration {unknown}
 i - 3 potions of invisibility {unknown}
 j - 2 potions of haste {unknown}
 k - 4 potions of brilliance {unknown}
 p - 2 potions of agility {unknown}
 q - 3 potions of might {unknown}
 C - a potion of lignification {unknown}
 F - a potion of flight {unknown}
Books
 A - a book of Geomancy

   Spells                             Type                      Level
   a - Sandblast                      Earth                        1
   b - Passwall                       Transmutation/Earth          2
   c - Stone Arrow                    Conjuration/Earth            3
   d - Petrify                        Transmutation/Earth          4
   e - Lee's Rapid Deconstruction     Earth                        5
   Trog disapproves of the use of such an item.
Comestibles
 c - 15 rations


   Skills:
 + Level 9.5 Fighting
 * Level 14.6 Short Blades
 - Level 1.5 Armour
 + Level 10.0 Dodging
 + Level 11.2 Stealth


You had 10 spell levels left.
You didn't know any spells.

Dungeon Overview and Level Annotations

Branches:
Dungeon (11/15)            Temple (0/1) D:5            Lair (0/6) D:8
    Orc: D:9-12

Altars:
Cheibriados
Dithmenos
Gozag
Hepliaklqana
Kikubaaqudgha
Nemelex Xobeh
Qazlal
Ru
Trog
Uskayaw
Vehumet
Wu Jian
Xom

Shops:
D:7 (   D:10 (


Innate Abilities, Weirdness & Mutations

You are small and have problems with some larger weapons.
You are carnivorous and can eat meat at any time.


Message History

The yaktaur is moderately wounded.
The yaktaur closely misses you.
You hit the yaktaur. You burn the yaktaur.
The yaktaur is heavily wounded.
The big kobold throws a stone.
The stone closely misses you.
The yaktaur shoots a bolt.
The bolt completely misses you. The yaktaur hits you.
You puncture the yaktaur! You burn the yaktaur.
The yaktaur is severely wounded.
You hit the yaktaur but do no damage.
The yaktaur is severely wounded.
The yaktaur closely misses you.
The big kobold throws a stone.
The stone misses you.
The yaktaur shoots a bolt.
The bolt hits you!!
* * * LOW HITPOINT WARNING * * *
The bolt freezes you.
* * * LOW HITPOINT WARNING * * *
It was a potion of curing.
You feel better. The yaktaur misses you.
The big kobold throws a stone.
The stone hits you but does no damage.
The yaktaur shoots a bolt.
The bolt hits you!!
You die...

# #.[#)##..##Z # #
#.#)#.#..#.# .# #
#.)##.#..#.##Z. #
#.#..........#
#########.#..#.#######
...........(.........#
.....................#
....#####.#..#.#####.
....# #...K.)(()@#
....#..##.#.)#c##c.#
....#. #.#..#)# #.#
....# .##..##c .#
....# .. #..# .. #
....# #.. ### .?. ...


You could see 2 yaktaurs and a big kobold.

Vanquished Creatures
  4 two-headed ogres
  Erica (D:8)
  An orc knight (D:14)
  The ghost of Zorot the Thaumaturge, a novice DEFE of Vehumet (D:5)
  The ghost of kalagan the Thaumaturge, a novice DESu of Vehumet (D:6)
  A komodo dragon (D:9)
  A kobold demonologist (D:14)
  A rime drake (shapeshifter) (D:8)
  2 yaktaurs (D:14)
  A troll (D:10)
  A blink frog (shapeshifter) (D:10)
  A spriggan (D:8)
  Sigmund (D:3)
  2 vampire mosquitoes (D:14)
  Menkaure (D:6)
  An ice beast (D:9)
  2 black bears (D:9)
  An orc warrior (D:10)
  2 sky beasts
  3 phantoms
  An ogre (D:10)
  A necrophage (D:9)
  2 centaurs
  6 big kobolds
  6 bullfrogs
  A wyvern skeleton (D:14)
  2 scorpions
  7 wights
  4 howler monkeys
  5 crimson imps
  A bullfrog zombie (D:5)
  A quasit (D:6)
  2 hounds
  A gnoll shaman (D:4)
  3 jellies
  5 orc wizards
  4 orc priests
  A centaur skeleton (D:8)
  Jessica (D:2)
  4 iguanas
  5 worker ants
  A hound skeleton (D:7)
  Robin (D:2)
  4 adders
  14 gnolls
  2 shadow imps
  7 oozes
  A worm (D:5)
  6 dart slugs
  5 leopard geckos
  26 orcs
  7 bats
  2 giant cockroaches
  42 goblins
  33 hobgoblins
  9 jackals
  6 quokkas
  A ball python (D:3)
  4 frilled lizards
  A jackal zombie (D:5)
  19 kobolds
  A leopard gecko zombie (D:6)
  A quokka zombie (D:9)
  6 rats
291 creatures vanquished.

Vanquished Creatures (others)
  A quokka skeleton (D:5)
1 creature vanquished.

Grand Total: 292 creatures vanquished

Notes
Turn   | Place    | Note
-------+----------+-------------------------------------------
     0 | D:1      | diana the Kobold Berserker began the quest for the Orb.
     0 | D:1      | Reached XP level 1. HP: 14/14 MP: 1/1
   167 | D:1      | Reached skill level 1 in Stealth
   167 | D:1      | Reached XP level 2. HP: 19/19 MP: 2/2
   215 | D:1      | Reached XP level 3. HP: 9/23 MP: 3/3
   549 | D:1      | Reached ** piety under Trog
  1119 | D:1      | Reached XP level 4. HP: 24/29 MP: 4/4
  1223 | D:2      | Noticed Jessica
  1230 | D:2      | Killed Jessica
  1230 | D:2      | Reached skill level 5 in Short Blades
  1667 | D:2      | Reached XP level 5. HP: 31/33 MP: 5/5
  1869 | D:2      | Noticed Robin
  1883 | D:2      | Killed Robin
  1888 | D:2      | Reached *** piety under Trog
  2352 | D:3      | Noticed Sigmund
  2366 | D:3      | Killed Sigmund
  2366 | D:3      | Reached skill level 6 in Short Blades
  2366 | D:3      | Reached XP level 6. HP: 39/39 MP: 6/6
  2806 | D:3      | Reached **** piety under Trog
  2806 | D:3      | Reached XP level 7. HP: 31/44 MP: 7/7
  2829 | D:3      | Reached skill level 7 in Short Blades
  2899 | D:3      | Reached skill level 5 in Fighting
  3360 | D:3      | Noticed a dagger
  3361 | D:3      | Found a hide-covered altar of Uskayaw.
  3362 | D:3      | Noticed a hand axe
  3987 | D:4      | Found a sparkling altar of Nemelex Xobeh.
  4049 | D:4      | Reached skill level 5 in Dodging
  4049 | D:4      | Reached skill level 5 in Stealth
  4049 | D:4      | Reached XP level 8. HP: 45/49 MP: 8/8
  4130 | D:4      | Reached skill level 8 in Short Blades
  4527 | D:4      | Noticed a two-headed ogre
  4535 | D:4      | Killed a two-headed ogre
  4535 | D:4      | Reached skill level 9 in Short Blades
  4535 | D:4      | Reached XP level 9. HP: 6/55 MP: 9/9
  4923 | D:4      | Found a snail-covered altar of Cheibriados.
  5109 | D:5      | Entered Level 5 of the Dungeon
  5334 | D:5      | Reached skill level 10 in Short Blades
  5451 | D:5      | Noticed Zorot's ghost (novice DEFE)
  5484 | D:5      | Killed Zorot's ghost
  5541 | D:5      | Found a shadowy altar of Dithmenos.
  5984 | D:5      | Found a staircase to the Ecumenical Temple.
  6180 | D:6      | Found a stormy altar of Qazlal.
  6187 | D:6      | Noticed Menkaure
  6257 | D:6      | Killed Menkaure
  6455 | D:6      | Found a shimmering altar of Xom.
  6486 | D:6      | Noticed kalagan's ghost (novice DESu)
  6500 | D:6      | Killed kalagan's ghost
  6500 | D:6      | Reached ***** piety under Trog
  6500 | D:6      | Reached skill level 11 in Short Blades
  6513 | D:6      | Found a shimmering altar of Xom.
  6514 | D:6      | Found a shimmering altar of Xom.
  6515 | D:6      | Found a shimmering altar of Xom.
  6549 | D:6      | Reached XP level 10. HP: 63/63 MP: 10/10
  7234 | D:7      | Found Ymekater's Antique Weapon Boutique.
  7815 | D:7      | Found a bloodstained altar of Trog.
  7815 | D:7      | Found a stormy altar of Qazlal.
  7815 | D:7      | Found an ornate altar of the Wu Jian Council.
  7852 | D:7      | Found a hazy altar of Hepliaklqana.
  8032 | D:8      | Reached skill level 12 in Short Blades
  8086 | D:8      | Noticed a two-headed ogre
  8100 | D:8      | Killed a two-headed ogre
  8168 | D:8      | Found a staircase to the Lair.
  8178 | D:8      | Noticed Erica
  8179 | D:8      | Noticed a two-headed ogre
  8194 | D:8      | Killed Erica
  8200 | D:8      | Killed a two-headed ogre
  8200 | D:8      | Reached skill level 13 in Short Blades
  8200 | D:8      | Reached XP level 11. HP: 69/69 MP: 11/11
  8287 | D:8      | Found a radiant altar of Vehumet.
  8470 | D:8      | Found a sacrificial altar of Ru.
  8502 | D:8      | Reached skill level 10 in Stealth
  8507 | D:8      | Got a faintly glowing rapier
  8508 | D:8      | Identified the +2 rapier of Benevolence {flame, rF+ Dex-3 Stlth+} (You found it on level 8 of the Dungeon)
  9067 | D:9      | Received a gift from Trog
  9250 | D:9      | Noticed a two-headed ogre
  9262 | D:9      | Killed a two-headed ogre
  9490 | D:9      | Found an opulent altar of Gozag.
  9607 | D:9      | Found an ancient bone altar of Kikubaaqudgha.
  9607 | D:9      | Found a snail-covered altar of Cheibriados.
  9635 | D:10     | Entered Level 10 of the Dungeon
  9690 | D:10     | Reached skill level 14 in Short Blades
  9962 | D:10     | Found Kedgh's Weapon Boutique.
 10194 | D:11     | You fall through a shaft for 3 floors!
 10279 | D:14     | Noticed an orc knight
 10280 | D:14     | Killed an orc knight
 10326 | D:14     | Reached skill level 10 in Dodging
 10337 | D:14     | HP: 3/71 [yaktaur/bolt (26)]
 10338 | D:14     | Shot with a bolt by a yaktaur

Skill      XL: |  1  2  3  4  5  6  7  8  9 10 11 |
---------------+----------------------------------+-----
Stealth        | 1 2 3 5 6 8 9 11 | 11.2
Dodging        | 3 4 5 6 7 8 10 | 10.0
Short Blades   | 5 6 7 9 11 13 14 | 14.6
Fighting       | 4 5 6 7 8 9 |  9.5
Armour         | |  1.5

Action                   |  1- 3 |  4- 6 |  7- 9 | 10-12 || total
-------------------------+-------+-------+-------+-------++-------
Melee: Short sword       |   116 |   199 |   450 |   226 ||   991
       Rapier            |       |       |       |   226 ||   226
Invok: Berserk           |     1 |     4 |     3 |     3 ||    11
       Trog's Hand       |       |       |     2 |       ||     2
  Use: Potion            |       |       |       |     1 ||     1
 Stab: Sleeping          |     3 |     5 |     9 |    31 ||    48
       Distracted        |       |     1 |     2 |       ||     3
  Eat: Chunk             |     2 |    16 |    10 |    16 ||    44
Armor: Animal skin       |    18 |    14 |       |       ||    32
       Robe              |       |    17 |    92 |    16 ||   125
       Leather armour    |       |       |       |    21 ||    21
Dodge: Dodged            |   100 |   131 |   348 |   255 ||   834
